 Dungeon Crawl Stone Soup version bcrawl-1.12.2 (webtiles) character file.

Game seed: 12471017060412613741

1599 Ebbett the Shield-Bearer (level 8, -8/67 HPs)
             Began as a Gnoll Fighter on July 22, 2019.
             Mangled by an orc warrior
             ... wielding a +0 glaive
              (18 damage)
             ... on level 6 of the Dungeon on July 23, 2019.
             The game lasted 00:22:09 (4749 turns).

Ebbett the Shield-Bearer (Gnoll Fighter)            Turns: 4749, Time: 00:22:09

Health: -8/67      AC: 14    Str: 22    XL:     8   Next: 94%
Magic:  13/13      EV:  8    Int: 10    God:
Gold:   68         SH: 11    Dex: 14    Spells: 14/14 levels left

rFire    . . .     SeeInvis .   a - +0 trident
rCold    + . .     Gourm    .   c - +0 shield
rNeg     . . .     Faith    .   k - +0 plate armour
rPois    .         Spirit   .   (no helmet)
rElec    .         Reflect  .   C - scarf {buggy}
rCorr    .         Harm     .   w - +0 pair of gloves
MR       .....                  (no boots)
Stlth    ..........             (no amulet)
HPRegen  0.21/turn              i - ring of protection from cold
MPRegen  0.13/turn              q - +1 ring of evasion

@: no status effects
A: distributed training, fangs 1, strong nose
a: no special abilities


You were on level 6 of the Dungeon.
You were not hungry.

You visited 1 branch of the dungeon, and saw 6 of its levels.

You collected 352 gold pieces.
You spent 284 gold pieces at shops.

Inventory:

Hand Weapons
 a - a +0 trident (weapon)
 o - a +0 battleaxe
Missiles
 u - 133 silver javelins (quivered)
Armour
 c - a +0 shield (worn)
 k - a +0 plate armour (worn)
 w - a +0 pair of gloves (worn)
 C - a scarf of stasis (worn)
Jewellery
 i - a ring of protection from cold (left hand)
 q - a +1 ring of evasion (right hand)
Wands
 m - a wand of disintegration (8)
Scrolls
 b - 3 scrolls of enchant armour
 g - 2 scrolls of magic mapping
 n - 2 scrolls of teleportation
 p - 3 scrolls of blinking
 r - a scroll of amnesia
 B - 4 scrolls of remove curse
Potions
 e - a potion of heal wounds
 h - 3 potions of lignification
 l - 3 potions of mutation
Comestibles
 f - 6 rations {!d}
 j - 2 chunks of flesh


   Skills:
 + Level 7.5 Fighting
 + Level 3.6 Short Blades
 + Level 3.6 Long Blades
 + Level 3.6 Axes
 + Level 3.6 Maces & Flails
 + Level 5.9 Polearms
 + Level 3.6 Staves
 + Level 3.6 Slings
 + Level 3.6 Bows
 + Level 3.6 Crossbows
 + Level 3.6 Throwing
 + Level 7.5 Armour
 + Level 3.6 Dodging
 + Level 3.6 Stealth
 + Level 7.5 Shields
 + Level 3.6 Unarmed Combat
 + Level 3.6 Spellcasting
 + Level 3.0 Conjurations
 + Level 3.0 Hexes
 + Level 3.0 Charms
 + Level 3.0 Summonings
 + Level 3.0 Necromancy
 + Level 3.0 Translocations
 + Level 3.0 Transmutations
 + Level 3.0 Fire Magic
 + Level 3.0 Ice Magic
 + Level 3.0 Air Magic
 + Level 3.0 Earth Magic
 + Level 3.0 Poison Magic
 + Level 4.0 Invocations
 + Level 3.6 Evocations


You had 14 spell levels left.
You didn't know any spells.
Your spell library was empty.

Dungeon Overview and Level Annotations

Branches:
Dungeon (6/12)             Temple (0/1) D:4

Altars:
Ashenzari
Dithmenos
Elyvilon
Okawaru
Wu Jian

Shops:
D:4 *

Annotations:
D:3 1 runed translucent door, Szarrukin's ghost, amateur KoEn
D:6 1 runed translucent door


Innate Abilities, Weirdness & Mutations

Your experience applies equally to all skills.
You have very sharp teeth.
Your uncanny sense of smell can sniff out nearby items.


Message History

The orc barely misses you. You block the orc warrior's attack.
The orc barely misses you. x2
You barely miss the orc warrior.
The orc warrior hits you with a +0 glaive!
The orc hits you but does no damage. You block the orc's attack.
You hit the orc warrior but do no damage.
The orc warrior hits you with a +0 glaive!
You block the orc's attack. The orc barely misses you.
You hit the orc warrior.
You bite the orc warrior, but do no damage.
The orc warrior is lightly wounded.
You block the orc's attack.
The orc warrior hits you but does no damage.
The orc hits you with a +0 flail.
The orc warrior hits you from afar with a +0 glaive!
* * * LOW HITPOINT WARNING * * *
You hit the orc. You bite the orc.
You kill the orc!
The orc warrior hits you from afar with a +0 glaive!!
You die...

... ...... ... ...... #.# .##...
$.. ∆ # #... #.# # .# #... .
####.##.#..# #...
..##..oo.............#..
......o)##.#..#.##..##..
.......@...#..........## ##.##
...........##.#....##..#.#. ....+
...........................
....#......##.##.##.#........#...
....... ... #....................
#...#. ... #...................†
.....####.###..#.##.#.....#......
.................##.#.....#......
#...#####............[...........


You could see an orc warrior and 2 orcs.

Vanquished Creatures
  A centaur zombie (D:5)
  Eustachio (D:6)
  A soldier ant (D:6)
  A black bear (D:6)
  An orc warrior (D:6)
  An ogre (D:6)
  A phantom (D:6)
  A centaur (D:5)
  A bullfrog (D:6)
  A howler monkey (D:4)
  A jelly (D:5)
  A hound (D:6)
  An orc priest (D:3)
  A bullfrog skeleton (D:4)
  3 iguanas
  2 orc wizards
  A hound zombie (D:6)
  A gnoll (D:2)
  2 adders
  3 oozes
  A worm (D:2)
  4 dart slugs
  3 leopard geckos
  25 orcs
  8 bats
  2 giant cockroaches
  2 goblins (D:1)
  12 hobgoblins
  13 jackals
  11 kobolds
  3 quokkas (D:2)
  13 frilled lizards
  A quokka skeleton (D:4)
  6 rats
130 creatures vanquished.

Vanquished Creatures (others)
  9 toadstools (D:5)
9 creatures vanquished.

Grand Total: 139 creatures vanquished

Notes
Turn   | Place    | Note
-------+----------+-------------------------------------------
     0 | D:1      | Ebbett the Gnoll Fighter began the quest for the Orb.
     0 | D:1      | Reached XP level 1. HP: 23/23 MP: 1/1
    86 | D:1      | Reached XP level 2. HP: 27/29 MP: 2/2
   386 | D:1      | Reached XP level 3. HP: 28/35 MP: 3/3
   768 | D:2      | Reached skill level 1 in Invocations
   892 | D:2      | Reached skill level 1 in Short Blades
   892 | D:2      | Reached skill level 1 in Long Blades
   892 | D:2      | Reached skill level 1 in Axes
   892 | D:2      | Reached skill level 1 in Maces & Flails
   892 | D:2      | Reached skill level 1 in Staves
   892 | D:2      | Reached skill level 1 in Slings
   892 | D:2      | Reached skill level 1 in Bows
   892 | D:2      | Reached skill level 1 in Crossbows
   892 | D:2      | Reached skill level 1 in Throwing
   892 | D:2      | Reached skill level 1 in Dodging
   892 | D:2      | Reached skill level 1 in Stealth
   892 | D:2      | Reached skill level 1 in Unarmed Combat
   892 | D:2      | Reached skill level 1 in Spellcasting
   892 | D:2      | Reached skill level 1 in Evocations
   966 | D:2      | Reached XP level 4. HP: 13/41 MP: 5/5
  1747 | D:3      | Reached skill level 1 in Conjurations
  1747 | D:3      | Reached skill level 1 in Hexes
  1747 | D:3      | Reached skill level 1 in Charms
  1747 | D:3      | Reached skill level 1 in Summonings
  1747 | D:3      | Reached skill level 1 in Necromancy
  1747 | D:3      | Reached skill level 1 in Translocations
  1747 | D:3      | Reached skill level 1 in Transmutations
  1747 | D:3      | Reached skill level 1 in Fire Magic
  1747 | D:3      | Reached skill level 1 in Ice Magic
  1747 | D:3      | Reached skill level 1 in Air Magic
  1747 | D:3      | Reached skill level 1 in Earth Magic
  1747 | D:3      | Reached skill level 1 in Poison Magic
  1755 | D:3      | Reached XP level 5. HP: 25/47 MP: 6/6
  1947 | D:3      | Found a shattered altar of Ashenzari.
  2026 | D:3      | Found a runed translucent door.
  2263 | D:3      | Found a shadowy altar of Dithmenos.
  2265 | D:3      | Found a white marble altar of Elyvilon.
  2267 | D:3      | Found an ornate altar of the Wu Jian Council.
  2267 | D:3      | Found an iron altar of Okawaru.
  2613 | D:3      | Noticed Szarrukin's ghost (amateur KoEn)
  2815 | D:4      | Found a staircase to the Ecumenical Temple.
  2936 | D:4      | Reached XP level 6. HP: 53/53 MP: 8/8
  3335 | D:4      | Found Gozavy's Assorted Antiques.
  3359 | D:4      | Bought a scroll of identify for 58 gold pieces
  3359 | D:4      | Bought a fuming green potion for 26 gold pieces
  3359 | D:4      | Bought a scroll of remove curse for 87 gold pieces
  3359 | D:4      | Bought a metallic white potion for 26 gold pieces
  3359 | D:4      | Bought a scroll of remove curse for 87 gold pieces
  3472 | D:5      | Entered Level 5 of the Dungeon
  3481 | D:5      | Reached skill level 5 in Polearms
  3517 | D:5      | Reached XP level 7. HP: 33/60 MP: 10/10
  4061 | D:6      | Reached XP level 8. HP: 60/67 MP: 12/12
  4130 | D:6      | HP: 3/67 [poisoned by a soldier ant]
  4411 | D:6      | Found a runed translucent door.
  4612 | D:6      | Noticed Eustachio
  4622 | D:6      | Killed Eustachio
  4749 | D:6      | Mangled by an orc warrior

Skill      XL: |  1  2  3  4  5  6  7  8 |
---------------+-------------------------+-----
Invocations    | 1 2 3 4 |  4.0
Short Blades   | 1 2 3 |  3.6
Long Blades    | 1 2 3 |  3.6
Axes           | 1 2 3 |  3.6
Maces & Flails | 1 2 3 |  3.6
Staves         | 1 2 3 |  3.6
Slings         | 1 2 3 |  3.6
Bows           | 1 2 3 |  3.6
Crossbows      | 1 2 3 |  3.6
Throwing       | 1 2 3 |  3.6
Dodging        | 1 2 3 |  3.6
Stealth        | 1 2 3 |  3.6
Unarmed Combat | 1 2 3 |  3.6
Spellcasting   | 1 2 3 |  3.6
Evocations     | 1 2 3 |  3.6
Conjurations   | 1 2 3 |  3.0
Hexes          | 1 2 3 |  3.0
Charms         | 1 2 3 |  3.0
Summonings     | 1 2 3 |  3.0
Necromancy     | 1 2 3 |  3.0
Translocations | 1 2 3 |  3.0
Transmutations | 1 2 3 |  3.0
Fire Magic     | 1 2 3 |  3.0
Ice Magic      | 1 2 3 |  3.0
Air Magic      | 1 2 3 |  3.0
Earth Magic    | 1 2 3 |  3.0
Poison Magic   | 1 2 3 |  3.0
Polearms       | 5 |  5.9
Fighting       | 7 |  7.5
Armour         | 7 |  7.5
Shields        | 7 |  7.5

Action                   |  1- 3 |  4- 6 |  7- 9 || total
-------------------------+-------+-------+-------++-------
Melee: Trident           |   138 |   204 |   144 ||   486
       Bite              |    12 |    32 |    26 ||    70
Throw: Javelin           |       |    13 |       ||    13
  Use: Potion            |       |     9 |     4 ||    13
       Scroll            |       |     9 |     1 ||    10
  Eat: Chunk             |       |     6 |     1 ||     7
       Ration            |       |     1 |     1 ||     2
Armor: Scale mail        |    64 |     3 |       ||    67
       Ring mail         |       |    15 |       ||    15
       Chain mail        |       |    56 |     6 ||    62
       Plate armour      |       |       |    68 ||    68
Dodge: Dodged            |    55 |    49 |    43 ||   147
Block: Shield            |   120 |   112 |    86 ||   318
